 Dungeon Crawl Stone Soup version 0.27.1-2-g3b301248ec (webtiles) character file.

Game seed: 16104880286724471028

41 Descartes the Cutter (level 3, -4/23 HPs)
             Began as a Deep Elf Wanderer on Oct 3, 2021.
             Slain by an adder (5 damage)
             ... on level 2 of the Dungeon.
             The game lasted 00:01:51 (1691 turns).

Descartes the Cutter (Deep Elf Wanderer)            Turns: 1691, Time: 00:01:51

Health: -4/23      AC:  2    Str:  9    XL:     3   Next: 32%
Magic:  7/7        EV: 12    Int: 17    God:
Gold:   58         SH:  0    Dex: 14    Spells: 4/4 levels left

rFire    . . .     SeeInvis .   a - +2 short sword
rCold    . . .     Faith    .   (no shield)
rNeg     . . .     Spirit   .   c - +0 robe
rPois    .         Reflect  .   (no helmet)
rElec    .         Harm     .   (no cloak)
rCorr    .         Rampage  .   (no gloves)
Will     .....                  (no boots)
Stlth    ++........             (no amulet)
HPRegen  0.07/turn              (no ring)
MPRegen  0.10/turn              (no ring)

@: lethally poisoned (-4 -> -8)
A: no striking features
a: no special abilities


You were on level 2 of the Dungeon.
You visited 1 branch of the dungeon, and saw 2 of its levels.

You collected 58 gold pieces.

Inventory:

Hand Weapons
 a - a +2 short sword (weapon)
 g - a +0 hunting sling
Missiles
 e - 29 stones (quivered)
 f - 40 sling bullets
Armour
 c - a +0 robe (worn)
Scrolls
 b - 3 scrolls of teleportation
 d - a scroll of identify {unknown}
 h - a scroll of noise {unknown}
 i - a scroll of silence {unknown}
Potions
 j - a potion of lignification {unknown}


   Skills:
 - Level 3.2 Fighting
 - Level 4.0 Short Blades
 - Level 1.0 Throwing
 * Level 2.6 Dodging
 + Level 2.4 Stealth
 + Level 1.4 Spellcasting


You had 4 spell levels left.
You didn't know any spells.
Your spell library was empty.

Dungeon Overview and Level Annotations

Branches:
Dungeon (2/15)

Altars:


Message History

You are poisoned.
The adder poisons you!
You barely miss the adder.
You feel sick. The adder misses you. The adder bites you.
You miss the adder.
You feel sick. The adder bites you.
You are lethally poisoned!
The adder poisons you!
You are too injured to fight recklessly!
You are too injured to fight recklessly!
You are too injured to fight recklessly!
You are too injured to fight recklessly!
You are too injured to fight recklessly!
You are too injured to fight recklessly!
You are too injured to fight recklessly!
You are too injured to fight recklessly!
You are too injured to fight recklessly!
You are too injured to fight recklessly!
You are too injured to fight recklessly!
You are too injured to fight recklessly!
You are too injured to fight recklessly!
You are too injured to fight recklessly!
You are too injured to fight recklessly!
You are too injured to fight recklessly!
You hit the adder.
The adder is moderately wounded.
* * * LOW HITPOINT WARNING * * *
You feel sick. The adder bites you.
* * * LOW HITPOINT WARNING * * *
You barely miss the adder.
The adder is moderately wounded.
* * * LOW HITPOINT WARNING * * *
You feel sick. The adder barely misses you.
You hit the adder.
The adder is severely wounded.
* * * LOW HITPOINT WARNING * * *
You feel sick. The adder bites you but does no damage.
Unknown command.
* * * LOW HITPOINT WARNING * * *
You feel sick. The adder bites you.
You die...

... ... #.# #.# #.#
#.# #.#
###S##########
#.###.#@.........##
#.......#.........#
.#######.#.######..#
...................#
########.#.#####...#
#.#.........#
#.#......<#.#
#.#.###.#.#.#
#.#.......#.#


You could see an adder.

Vanquished Creatures
  3 dart slugs (D:1)
  A bat (D:1)
  3 endoplasms (D:1)
  2 goblins (D:1)
  2 hobgoblins (D:1)
  4 jackals (D:1)
  6 kobolds (D:1)
  A quokka (D:1)
  5 ball pythons (D:1)
  3 frilled lizards (D:1)
  2 rats (D:1)
32 creatures vanquished.

Notes
Turn   | Place    | Note
-------+----------+-------------------------------------------
     0 | D:1      | Descartes the Deep Elf Wanderer began the quest for the
                  | Orb.
     0 | D:1      | Descartes set off with the following items: a +2 short
                  | sword, 2 scrolls of teleportation, a +0 robe
     0 | D:1      | Reached XP level 1. HP: 14/14 MP: 3/3
   102 | D:1      | Reached skill level 1 in Dodging
   161 | D:1      | Reached XP level 2. HP: 16/19 MP: 4/4
   357 | D:1      | Reached skill level 1 in Spellcasting
  1008 | D:1      | Reached XP level 3. HP: 23/23 MP: 6/6
  1690 | D:2      | HP: 1/23 [poisoned by an adder]
  1691 | D:2      | Slain by an adder

Illustrated notes

Levels and vault maps discovered:
D:1:      dpeg_arrival_rooms_with_view, layout_loops_ring
D:2:      layout_basic, ebering_ecumenical_altar_petrified,
          uniq_crazy_yiuf_cottage

Skill      XL: |  1  2 |
---------------+-------+-----
Dodging        | 1 2 |  2.6
Stealth        | 2 |  2.4
Spellcasting   | 1 |  1.4
Fighting       | |  3.2
Short Blades   | |  4.0
Throwing       | |  1.0

Action                   || total
-------------------------++-------
Melee: Short sword       ||    92
 Stab: Sleeping          ||     3
Armor: Robe              ||     5
Dodge: Dodged            ||    41
